 Dungeon Crawl Stone Soup version 0.25-a0-589-g1e14c549ee (webtiles) character file.

Game seed: 5525254383153497673, levelgen mode: deterministic

14268 Kohma the Carver (level 11, -1/87 HPs)
             Began as a Demonspawn Gladiator on Mar 11, 2020.
             Was an Elder of Makhleb.
             Succumbed to a spiny frog's poison
             ... on level 11 of the Dungeon.
             The game lasted 00:36:48 (15914 turns).

Kohma the Carver (Demonspawn Gladiator)            Turns: 15914, Time: 00:36:48

Health: -1/87      AC: 15    Str: 18    XL:     11   Next: 86%
Magic:  12/12      EV:  9    Int: 10    God:    Makhleb [****..]
Gold:   423        SH: 16    Dex: 14    Spells: 10/12 levels left

rFire    + . .     SeeInvis +   a - +4 short sword (freeze)
rCold    + + .     Gourm    .   l - +0 tower shield
rNeg     . . .     Faith    .   N - +3 ring mail
rPois    .         Spirit   .   Q - +2 helmet {SInv}
rElec    .         Reflect  .   S - scarf {rC+ rF+}
rCorr    .         Harm     .   J - +1 pair of gloves
MR       .....                  (boots unavailable)
Stlth    +.........             (no amulet)
HPRegen  0.24/turn              (no ring)
MPRegen  0.13/turn              (no ring)

@: lethally poisoned (-1 -> -51)
A: talons 3, molten scales 1, cold resistance 1, powered by pain 1, freezing
cloud immunity
a: Minor Destruction, Lesser Servant of Makhleb, Major Destruction, Renounce
Religion


You were on level 11 of the Dungeon.
You worshipped Makhleb.
Makhleb was greatly pleased with you.
You were hungry.

You visited 3 branches of the dungeon, and saw 13 of its levels.

You collected 655 gold pieces.
You spent 232 gold pieces at shops.

Inventory:

Hand Weapons
 a - a +4 short sword of freezing (weapon)
 b - a +1 short sword of venom
 p - a cursed +0 scimitar
 E - a +0 hunting sling
Missiles
 d - 6 throwing nets
 e - 474 stones
 x - 23 poisoned darts (quivered)
 A - 180 arrows
Armour
 k - a +1 robe of resistance
 l - a +0 tower shield (worn)
 o - a +0 buckler
 u - a +0 cloak
 J - a +1 pair of gloves (worn)
 N - a +3 ring mail (worn)
 Q - a +2 helmet of see invisible (worn)
 S - a scarf of resistance (worn)
Jewellery
 g - an uncursed ring of fire
 z - an uncursed amulet of regeneration {unknown}
 O - a +2 ring of strength {unknown}
Wands
 n - a wand of polymorph (5)
 y - a wand of iceblast (11)
 D - a wand of disintegration (14)
 G - a wand of flame (39)
 I - a wand of acid (6)
 R - a wand of enslavement (10)
Scrolls
 h - 3 scrolls of fear
 q - 2 scrolls of remove curse
 r - a scroll of blinking {unknown}
 w - 4 scrolls of teleportation
 K - 6 scrolls of enchant armour
 M - a scroll of fog
Potions
 i - 3 potions of brilliance
 j - 2 potions of mutation
 m - a potion of berserk rage
 t - a potion of degeneration {unknown}
 v - a potion of flight
 B - a potion of invisibility
 C - 2 potions of stabbing
 F - 2 potions of curing {unknown}
 H - 2 potions of haste {unknown}
 L - 3 potions of lignification {unknown}
Miscellaneous
 P - a phial of floods
Comestibles
 c - 2 chunks of flesh
 f - 25 rations


   Skills:
 + Level 8.8 Fighting
 * Level 12.9 Long Blades
 - Level 1.7 Throwing
 - Level 3.0 Dodging
 + Level 9.0 Shields
 - Level 1.0 Spellcasting
 - Level 1.5 Transmutations


You had 10 spell levels left.
You knew the following spells:

 Your Spells              Type           Power        Failure   Level  Hunger
a - Sticks to Snakes      Tmut           #.......     99%         2    ###....

Your spell library contained the following spells:

 Spells                   Type           Power        Failure   Level  Hunger
 Beastly Appendage        Tmut           #.....       95%         1    ##.....
 Apportation              Tloc           #.....       99%         1    ##.....
 Summon Butterflies       Summ           #.......     99%         1    ##.....
 Lesser Beckoning         Tloc           #.........   100%        3    ####...
 Spider Form              Tmut/Pois      #.........   100%        3    ####...
 Tukima's Dance           Hex            #.......     100%        3    ####...
 Ice Form                 Ice/Tmut       #.......     100%        4    #####..
 Alistair's Intoxication  Tmut/Pois      #.......     100%        5    ######.
 Blade Hands              Tmut           #.........   100%        5    ######.
 Invisibility             Hex            #.......     100%        6    #######


Dungeon Overview and Level Annotations

Branches:
Dungeon (11/15)            Temple (1/1) D:7            Lair (1/6) D:11
    Orc (0/2) D:10

Altars:
Ashenzari
Cheibriados
Dithmenos
Elyvilon
Fedhas
Gozag
Hepliaklqana
Kikubaaqudgha
Makhleb
Nemelex Xobeh
Okawaru
Qazlal
Ru
Sif Muna
Trog
Uskayaw
Vehumet
Wu Jian
Xom
Yredelemnul
Zin
The Shining One
Beogh

Shops:
D:10 [


Innate Abilities, Weirdness & Mutations

You have claws for feet.
You are partially covered in molten scales. (AC +2)
Your flesh is cold resistant. (rC+)
You sometimes gain a little power by taking damage.
You are immune to freezing clouds.


Message History

* * * LOW HITPOINT WARNING * * *
You feel sick. The spiny frog stings you!
* * * LOW HITPOINT WARNING * * *
You are more poisoned.
The spiny frog poisons you!
Okay, then.
Evoke which item? (* to show all) (? for menu, Esc to quit)
Aiming: Corrosive Bolt
Press: ? - help, Shift-Dir - straight line, f - spiny frog
Aim: a spiny frog (almost dead, slow)
The bolt of acid misses the spiny frog.
* * * LOW HITPOINT WARNING * * *
You feel very sick.
The spiny frog is no longer moving slowly.
Evoke which item? (* to show all) (? for menu, Esc to quit)
Aiming: Corrosive Bolt
Press: ? - help, Shift-Dir - straight line, f/p - spiny frog
Aim: a spiny frog (almost dead)
The bolt of acid misses the spiny frog.
You die...

#....#.....#..##.....##
#.####.##..#..######...
#.###...####...# ####
#.##.....##....# #
#.#.......##...# ##
#.#.......###..## ##.
#..........##...#####..
#......F...##......#...
#.....@.....#..###.....
##...[......#..###.....
#.)P..........>.......
##.......#............
#.......#.......#....
##.....##.......##...
##...###...#..####.#
##.#........#####..
#...#....#####...#


You could see a spiny frog.

Vanquished Creatures
  Harold (D:7)
  2 two-headed ogres
  2 unseen horrors (D:11)
  An ugly thing (D:11)
  A gargoyle (D:11)
  A rime drake (Lair:1)
  2 trolls
  A hornet (D:9)
  A hippogriff (Lair:1)
  Sigmund (D:3)
  15 yaks
  2 wargs
  4 water moccasins
  5 ice beasts
  3 porcupines (Lair:1)
  6 orc warriors
  6 sky beasts
  5 ogres
  A black bear (D:10)
  A phantom (D:6)
  3 centaurs
  A big kobold (D:8)
  2 crocodiles
  8 bullfrogs
  2 scorpions
  A wyvern skeleton (D:10)
  9 killer bees
  13 wights
  8 howler monkeys
  A crimson imp (D:10)
  4 hounds
  2 centaur skeletons
  12 orc priests
  2 bullfrog skeletons (D:10)
  4 jellies
  Jessica (D:2)
  2 iguanas (D:10)
  10 orc wizards
  5 worker ants
  2 hound zombies
  A hound skeleton (D:5)
  A worker ant zombie (D:6)
  8 adders
  2 shadow imps
  5 oozes (D:8)
  An adder zombie (D:9)
  2 adder skeletons (D:5)
  2 worms
  3 dart slugs
  3 leopard geckos
  56 orcs
  6 bats
  6 giant cockroaches
  9 goblins
  4 hobgoblins
  16 jackals
  14 kobolds
  3 quokkas
  A ball python skeleton (D:4)
  5 frilled lizards
  10 rats
311 creatures vanquished.

Notes
Turn   | Place    | Note
-------+----------+-------------------------------------------
     0 | D:1      | Kohma the Demonspawn Gladiator began the quest for the Orb.
     0 | D:1      | Reached XP level 1. HP: 16/16 MP: 1/1
   241 | D:1      | Reached skill level 3 in Long Blades
   241 | D:1      | Gained mutation: You sometimes gain a little power by
                  | taking damage. [demonic ancestry]
   241 | D:1      | Reached XP level 2. HP: 18/22 MP: 2/2
   927 | D:1      | Reached XP level 3. HP: 23/27 MP: 3/3
  1623 | D:2      | Noticed Jessica
  1630 | D:2      | Killed Jessica
  1630 | D:2      | Reached skill level 4 in Long Blades
  1630 | D:2      | Reached skill level 1 in Shields
  1630 | D:2      | Gained mutation: You have sharp toenails. [demonic
                  | ancestry]
  1630 | D:2      | Reached XP level 4. HP: 19/33 MP: 4/4
  2356 | D:3      | Found a sacrificial altar of Ru.
  2446 | D:3      | Noticed Sigmund
  2461 | D:3      | Killed Sigmund
  2461 | D:3      | Reached skill level 5 in Long Blades
  2461 | D:3      | Gained mutation: Your flesh is cold resistant. (rC+)
                  | [demonic ancestry]
  2461 | D:3      | Reached XP level 5. HP: 32/38 MP: 5/5
  2461 | D:3      | Gained mutation: You have razor-sharp toenails. [demonic
                  | ancestry]
  2461 | D:3      | Reached XP level 6. HP: 37/44 MP: 6/6
  3823 | D:4      | Reached skill level 6 in Long Blades
  3917 | D:4      | Found an iron altar of Okawaru.
  4037 | D:4      | Reached XP level 7. HP: 24/50 MP: 7/7
  4526 | D:5      | Entered Level 5 of the Dungeon
  5508 | D:6      | Learned a level 2 spell: Sticks to Snakes
  6046 | D:6      | Reached skill level 7 in Long Blades
  6052 | D:6      | Reached skill level 1 in Spellcasting
  6061 | D:6      | Reached skill level 1 in Transmutations
  6103 | D:6      | Reached XP level 8. HP: 12/56 MP: 9/9
  7515 | D:5      | Reached skill level 8 in Long Blades
  7662 | D:6      | Found a basalt altar of Yredelemnul.
  7932 | D:7      | Noticed Harold
  7946 | D:7      | Killed Harold
  7946 | D:7      | Reached skill level 5 in Shields
  7946 | D:7      | Gained mutation: You are partially covered in molten
                  | scales. (AC +2) [demonic ancestry]
  7946 | D:7      | Reached XP level 9. HP: 34/65 MP: 10/10
  8175 | D:7      | Reached skill level 9 in Long Blades
  8482 | D:7      | Reached skill level 5 in Fighting
  8766 | D:7      | You fall into a shaft and drop 3 floors!
  8766 | D:10     | Entered Level 10 of the Dungeon
  9187 | D:8      | Noticed a two-headed ogre
  9203 | D:8      | Killed a two-headed ogre
  9203 | D:8      | Reached skill level 10 in Long Blades
  9203 | D:8      | Gained mutation: You are immune to freezing clouds.
                  | [demonic ancestry]
  9203 | D:8      | Reached XP level 10. HP: 15/76 MP: 11/11
  9756 | D:8      | Found an ancient bone altar of Kikubaaqudgha.
 10151 | D:7      | Found a staircase to the Ecumenical Temple.
 10168 | Temple   | Entered the Ecumenical Temple
 10216 | Temple   | Became a worshipper of Makhleb the Destroyer
 11511 | D:9      | Reached * piety under Makhleb
 11963 | D:9      | Paralysed by a hornet for 2 turns
 11966 | D:9      | Paralysed by a hornet for 1 turns
 11967 | D:9      | Reached skill level 11 in Long Blades
 12417 | D:9      | Noticed a two-headed ogre
 12448 | D:9      | Killed a two-headed ogre
 12556 | D:9      | Found a shimmering blue altar of Sif Muna.
 12849 | D:10     | Reached ** piety under Makhleb
 13051 | D:10     | Gained mutation: You have claws for feet. [demonic
                  | ancestry]
 13051 | D:10     | Reached XP level 11. HP: 84/84 MP: 12/12
 13306 | D:10     | Found a white marble altar of Elyvilon.
 13373 | D:10     | Found Keheg's Antique Armour Shoppe.
 13381 | D:10     | Bought a shiny helmet for 232 gold pieces
 13430 | D:10     | Found a staircase to the Orcish Mines.
 13484 | D:10     | Found a roughly hewn altar of Beogh.
 13629 | D:11     | Noticed an unseen horror
 13642 | D:11     | Killed an unseen horror
 14000 | D:11     | Reached skill level 12 in Long Blades
 14193 | D:11     | Reached *** piety under Makhleb
 14552 | D:11     | Noticed a white ugly thing
 14570 | D:11     | Killed a white ugly thing
 14689 | D:11     | Noticed an unseen horror
 14712 | D:11     | Killed an unseen horror
 14923 | D:11     | Found a staircase to the Lair.
 15379 | Lair:1   | Entered Level 1 of the Lair of Beasts
 15643 | Lair:1   | Reached **** piety under Makhleb
 15913 | D:11     | HP: 3/87 [poisoned by a spiny frog]
 15914 | D:11     | Succumbed to a spiny frog's poison

Levels and vault maps discovered:
D:1:      evilmike_arrival_fibonacci_small, layout_loops_cross, serial_rivers,
          chequers_serial_rivers_small_a, chequers_serial_rivers_micro_e,
          chequers_serial_rivers_small_a, chequers_serial_rivers_micro_b,
          chequers_serial_rivers_large_a, minmay_misc_feat_square
D:2:      layout_loops_ring, uniq_jessica
D:3:      layout_basic, corexii_corridor_pit, nicolae_ru_sacrificial_ziggurat,
          uniq_sigmund
D:4:      layout_basic, okawaru_trees_2
D:5:      layout_gridville, first_ration
D:6:      layout_cave_pools, yredelemnul_altar_generic
D:7:      layout_loops_cross, minmay_temple_entry_offerings, uniq_harold
D:8:      layout_rooms, basic_altar, hangedman_little_slice_of_home
D:9:      layout_roguey, kennysheep_mini_moat
D:10:     layout_irregular_city, minmay_orc_entry_temple_small, basic_altar,
          serial_shops, shop
D:11:     layout_rooms, erik_lair_orcish_takeover, lightli_orcish_oven
Temple:   nicolae_temple_the_god_donut
Lair:1:   layout_layer_cave

Skill      XL: |  1  2  3  4  5  6  7  8  9 10 11 |
---------------+----------------------------------+-----
Long Blades    | 3 4 5 6 7 8 10 11 12 | 12.9
Dodging        | 3 |  3.0
Shields        | 1 2 3 4 5 6 7 9 |  9.0
Spellcasting   | 1 |  1.0
Transmutations | 1 |  1.5
Fighting       | 4 5 7 8 |  8.8
Throwing       | |  1.7

Action                   |  1- 3 |  4- 6 |  7- 9 | 10-12 || total
-------------------------+-------+-------+-------+-------++-------
Melee: Long sword        |    80 |   152 |    65 |       ||   297
       Kick              |       |    47 |   121 |   268 ||   436
       Short sword       |       |       |   297 |   772 ||  1069
 Fire: Hunting sling     |    16 |       |       |       ||    16
Throw: Dart              |       |       |    19 |    20 ||    39
Evoke: Wand              |       |       |       |     2 ||     2
  Use: Scroll            |     1 |     8 |     8 |       ||    17
       Potion            |       |       |     3 |     4 ||     7
 Stab: Sleeping          |       |       |     2 |       ||     2
       Invisible         |       |       |       |     5 ||     5
  Eat: Chunk             |     2 |     7 |    10 |    16 ||    35
       Ration            |       |       |     2 |     2 ||     4
Armor: Ring mail         |    11 |    53 |       |   146 ||   210
       Leather armour    |    30 |       |       |       ||    30
       Robe              |       |     1 |    17 |       ||    18
       Chain mail        |       |       |    85 |    46 ||   131
Dodge: Dodged            |    71 |   100 |    59 |   153 ||   383
Block: Buckler           |     7 |    34 |    24 |       ||    65
       Tower shield      |       |       |   158 |   504 ||   662
       Rpst.: Long sword |    23 |    28 |     8 |       ||    59

Table legend:
 A = Non-vault XP
 B = Vault XP
 C = Vault XP percentage of total XP
 D = Non-vault monster count
 E = Vault monster count
 F = Vault count percentage of total count
                 A         B        C        D         E       F
            +---------+---------+-------+---------+---------+-------
      Total |   18088 |    2295 |  11.3 |     277 |      34 |  10.9
            +---------+---------+-------+---------+---------+-------
        D:1 |      56 |       0 |   0.0 |      29 |       0 |   0.0
        D:2 |      85 |      37 |  30.3 |      27 |       1 |   3.6
        D:3 |     109 |     231 |  67.9 |      23 |       1 |   4.2
        D:4 |     297 |       0 |   0.0 |      15 |       0 |   0.0
        D:5 |     424 |       0 |   0.0 |      15 |       0 |   0.0
        D:6 |     916 |       0 |   0.0 |      20 |       0 |   0.0
        D:7 |    1181 |     970 |  45.1 |      11 |       1 |   8.3
        D:8 |    2230 |     154 |   6.5 |      30 |       8 |  21.1
        D:9 |    3375 |       0 |   0.0 |      35 |       0 |   0.0
       D:10 |    1834 |     298 |  14.0 |      29 |       9 |  23.7
       D:11 |    4946 |     605 |  10.9 |      29 |      14 |  32.6
     Lair:1 |    2635 |       0 |   0.0 |      14 |       0 |   0.0
            +---------+---------+-------+---------+---------+-------
